 Dungeon Crawl Stone Soup version 0.29-a0-1016-g236c7fd91e (webtiles) character file.

Game seed: 5373456478295275830

624 vineage the Fighter (level 7, -9/51 HPs)
             Began as a Gargoyle Fighter on Aug 9, 2022.
             Mangled by an ogre
             ... wielding a +0 giant club
              (31 damage)
             ... on level 5 of the Dungeon.
             The game lasted 00:03:49 (4007 turns).

vineage the Fighter (Gargoyle Fighter)              Turns: 4007, Time: 00:03:49

Health: -9/51      AC: 13    Str: 21    XL:     7   Next: 47%
Magic:  7/7        EV:  9    Int: 16    God:
Gold:   195        SH:  4    Dex:  9    Spells: 6/6 levels left

rFire   . . .      SeeInvis .   h - +7 hand axe of the Enchanted Forest {flame, Drain rN+ Int+7}
rCold   . . .      Faith    .   c - +0 buckler
rNeg    + + .      Spirit   .   b - +0 scale mail
rPois   ∞          Reflect  .   (no helmet)
rElec   +          Harm     .   g - +1 cloak
rCorr   .          Rampage  .   (no gloves)
Will    .....                   (no boots)
Stlth   ..........              (no amulet)
HPRegen 0.17/turn               (no ring)
MPRegen 0.10/turn               (no ring)

@: no status effects
A: sickness immunity, AC +4, negative energy resistance 1, electricity
resistance, torment resistance 1, petrification resistance
a: no special abilities


You were on level 5 of the Dungeon.
You visited 1 branch of the dungeon, and saw 5 of its levels.

You collected 195 gold pieces.

Inventory:

Hand Weapons
 a - a +1 flail
 h - the +7 hand axe of the Enchanted Forest (weapon) {flame, Drain rN+ Int+7}
   (You found it on level 3 of the Dungeon)

   It burns those it strikes, dealing additional fire damage.
   Big, fiery blades are also staple armaments of hydra-hunters.
   Int:       It affects your intelligence (+7).
   rN:        It protects you from negative energy.
   Drain:     It drains your maximum health when unequipped.
Armour
 b - a +0 scale mail (worn)
 c - a +0 buckler (worn)
 g - a +1 cloak (worn)
Wands
 n - a wand of acid (8)
Scrolls
 d - a scroll of fear {unknown}
 e - 4 scrolls of identify
 f - a scroll of silence
 k - a scroll of blinking
Potions
 i - a potion of mutation
 j - 2 potions of lignification
 l - a potion of curing
 m - a potion of flight


   Skills:
 * Level 9.2 Fighting
 - Level 2.0 Maces & Flails
 - Level 3.2 Armour
 - Level 3.2 Shields


You had 6 spell levels left.
You didn't know any spells.
Your spell library contained the following spells:

 Spells                   Type           Power      Damage    Failure   Level
 Apportation              Tloc           0%         N/A       65%         1
 Sting                    Tmut/Pois      0%         1d3       65%         1
 Poisonous Vapours        Pois/Air       0%         N/A       80%         2
 Olgreb's Toxic Radiance  Pois           0%         N/A       100%        4
 Alistair's Intoxication  Tmut/Pois      0%         N/A       100%        5


Dungeon Overview and Level Annotations

Branches:
Dungeon (5/15)
 Temple: D:4-7

Altars:
Sif Muna


Innate Abilities, Weirdness & Mutations

You are immune to sickness and miasma.
Your stone body is resilient. (AC +4)
You are immune to poison.
You resist negative energy. (rN+)
You are resistant to electric shocks. (rElec)
You are resistant to unholy torment.
You are immune to petrification.


Message History

No target in view!
No target in view!
No target in view!
No target in view!
No target in view!
No target in view!
No target in view!
Found an escape hatch in the ceiling.
An ogre comes into view. It is wielding a +0 giant club.
The ogre shouts!
An ogre is nearby!
An ogre is nearby!
You slash the ogre! You burn the ogre.
The ogre is moderately wounded.
The ogre hits you with a +0 giant club!
You hit the ogre. You burn the ogre.
The ogre is severely wounded.
The ogre hits you with a +0 giant club!
You closely miss the ogre.
The ogre is severely wounded.
The ogre hits you with a +0 giant club.
You are too injured to fight recklessly!
You are too injured to fight recklessly!
You are too injured to fight recklessly!
You are too injured to fight recklessly!
You are too injured to fight recklessly!
You are too injured to fight recklessly!
You are too injured to fight recklessly!
You are too injured to fight recklessly!
You are too injured to fight recklessly!
You are too injured to fight recklessly!
You are too injured to fight recklessly!
You hit the ogre. You burn the ogre.
The ogre is severely wounded.
You block the ogre's attack.
You completely miss the ogre.
The ogre is severely wounded.
The ogre hits you with a +0 giant club!!
Ouch! That really hurt!
You die...

## #..(......#
.####.###.###.#######
......# #># #........
...#### #.# #.######.
##.# #.# #.# ##.# #.#
#<## ##.# #.###..##
##.# #.##8..8####.#
##.# #....>..@O...#
##.# #........#####
##.# ####8..8## ##.#
##..## ##># ...##
[..# #.<.# .### #...
.#### #... .....


You could see an ogre.

Vanquished Creatures
  A phantom (D:4)
  A scorpion (D:4)
  2 orc priests (D:5)
  A jelly (D:4)
  Terence (D:3)
  2 iguanas (D:5)
  8 adders
  14 gnolls
  A shadow imp (D:3)
  A white imp (D:5)
  An ufetubus (D:5)
  A worm (D:2)
  4 dart slugs
  6 orcs
  8 bats
  6 endoplasms
  5 giant cockroaches
  4 hobgoblins
  7 kobolds
  3 quokkas
  8 ball pythons
  3 frilled lizards
  8 goblins
  9 rats
105 creatures vanquished.

Notes
Turn   | Place    | Note
-------+----------+-------------------------------------------
     0 | D:1      | vineage the Gargoyle Fighter began the quest for the Orb.
     0 | D:1      | Reached XP level 1. HP: 14/14 MP: 1/1
   375 | D:1      | Reached XP level 2. HP: 19/20 MP: 2/2
   398 | D:1      | Reached skill level 4 in Fighting
   842 | D:1      | Reached XP level 3. HP: 24/24 MP: 3/3
   871 | D:1      | Found a faded altar of an unknown god.
  1466 | D:2      | Reached skill level 5 in Fighting
  1555 | D:2      | Reached XP level 4. HP: 30/31 MP: 4/4
  2013 | D:3      | Noticed Terence
  2018 | D:3      | Reached skill level 6 in Fighting
  2018 | D:3      | Reached XP level 5. HP: 20/36 MP: 5/5
  2030 | D:3      | Killed Terence
  2039 | D:3      | HP: 1/37 [gnoll/+0 spear (1)]
  2338 | D:3      | Identified the +7 hand axe of the Enchanted Forest {flame,
                  | Drain rN+ Int+7}
  2341 | D:3      | Found a shimmering blue altar of Sif Muna.
  2838 | D:4      | Reached skill level 7 in Fighting
  2887 | D:4      | Reached XP level 6. HP: 36/44 MP: 6/6
  2995 | D:4      | Reached skill level 8 in Fighting
  3373 | D:5      | Entered Level 5 of the Dungeon
  3385 | D:4      | Reached XP level 7. HP: 45/50 MP: 7/7
  3698 | D:5      | Reached skill level 9 in Fighting
  4007 | D:5      | Mangled by an ogre

Illustrated notes

Levels and vault maps discovered:
D:1:      dpeg_arrival_round_b, layout_basic, shapermc_ecumenical_altar_ellora
D:2:      layout_basic
D:3:      layout_basic, nicolae_sif_muna_condensation, hex_large, uniq_terence
D:4:      layout_cave_pools
D:5:      layout_loops_ring, trog_butcher_becter,
          minmay_temple_entry_nine_rooms, st_stairs_6, uniq_duvessa

Skill      XL: |  1  2  3  4  5  6  7 |
---------------+----------------------+-----
Fighting       | 4 5 6 7 8 9 |  9.2
Maces & Flails | |  2.0
Armour         | |  3.2
Shields        | |  3.2

Action                   |  1- 3 |  4- 6 |  7- 9 || total
-------------------------+-------+-------+-------++-------
Melee: Flail             |   129 |    69 |       ||   198
       Hand axe          |       |    51 |    41 ||    92
  Use: Scroll            |     3 |     9 |       ||    12
       Potion            |       |     2 |     1 ||     3
Armor: Scale mail        |   101 |    70 |    23 ||   194
Dodge: Dodged            |    73 |    58 |    20 ||   151
Block: Buckler           |    29 |    23 |    16 ||    68

Table legend: (Time is in decaauts)
 A = Elapsed time spent in this place.
 B = Non-inter-level travel time spent in this place.
 C = Inter-level travel time spent in this place.
 D = Time resting spent in this place.
 E = Time spent auto-exploring this place.
 F = Levels seen in this place.
 G = Mean time per level.
                   A        B        C        D        E       F      G
               +--------+--------+--------+--------+--------+-----+--------+
         Total |   4113 |   3991 |    122 |    531 |   2716 |   5 |  822.6 |
       Dungeon |   4113 |   3991 |    122 |    531 |   2716 |   5 |  822.6 |
               +--------+--------+--------+--------+--------+-----+--------+

Top non-repeatable levels by time:
     D:1: 1447 daAuts
     D:3: 876 daAuts
     D:4: 657 daAuts
     D:2: 566 daAuts
     D:5: 565 daAuts
